Map: Ulrena

Players

drift - Winner!

  • Race: Protoss Protoss
  • League: Diamond

LilDicky

  • Race: Terran Terran
  • League: Diamond

VOD

http://www.twitch.tv/tumescentpie

Description

Time

  • Played on: Dec. 8, 2015, 11:54 p.m.
  • Length: 13:07
Show
View Real Time Build Order
Export as new Build Order

drift Protoss - Winner!

Build Orders: 1 Gate Expand 

Get SALT Encoding   

  12  0:01  Probe (Chrono Boost)  
  13  0:11  Probe (Chrono Boost)  
  14  0:18  Pylon  
  14  0:22  Probe (Chrono Boost)  
  15  0:37  Probe (Chrono Boost)  
  15  0:40  Gateway  
  16  0:47  Probe (Chrono Boost)  
  17  0:52  Assimilator  
  17  0:58  Probe (Chrono Boost)  
  18  1:08  Probe (Chrono Boost)  
  19  1:19  Probe (Chrono Boost)  
  20  1:29  Nexus  
  20  1:35  Assimilator  
  20  1:42  Pylon  
  20  1:50  Cybernetics Core, Probe (Chrono Boost)  
  21  2:01  Probe (Chrono Boost)  
  22  2:09  Pylon  
  22  2:11  Probe (Chrono Boost)  
  23  2:22  Probe (Chrono Boost)  
  24  2:27  Warp Gate (Chrono Boost)  
  24  2:33  Mothership Core  
  26  2:38  Pylon  
  26  2:40  Probe  
  27  2:48  Robotics Facility  
  27  2:53  Stalker  
  27  2:54  Probe  
  27  2:56  Probe  
  31  3:06  Pylon  
  31  3:08  Probe  
  31  3:09  Probe  
  33  3:19  Probe  
  33  3:23  Stalker  
  36  3:33  Gateway  
  36  3:35  Gateway  
  36  3:38  Probe  
  37  3:42  Observer (Chrono Boost)  
  37  3:43  Probe  
  39  3:53  Probe  
  40  3:59  Probe  
  40  4:01  Observer (Chrono Boost)  
  42  4:06  Probe  
  43  4:12  Twilight Council  
  32  4:32  Stalker  
  32  4:42  Stalker x2, Probe  
  32  4:44  Probe  
  37  4:53  Probe  
  37  4:56  Probe  
  39  5:03  Probe  
  40  5:08  Probe  
  40  5:09  Pylon  
  41  5:14  Probe  
  41  5:20  Probe  
  41  5:40  Stalker x3  
  41  5:42  Probe  
  47  5:43  Probe  
  49  5:54  Probe  
  49  5:55  Probe  
  51  5:59  Blink (Chrono Boost)  
  51  6:04  Probe  
  52  6:18  Probe  
  52  6:20  Probe  
  54  6:28  Stalker  
  54  6:29  Stalker, Assimilator  
  58  6:33  Assimilator  
  58  6:34  Stalker  
  60  6:51  Gateway  
  60  6:53  Gateway  
  59  6:56  Pylon  
  59  6:58  Stalker x2  
  63  7:11  Zealot  
  63  7:14  Probe  
  63  7:15  Probe  
  68  7:16  Observer (Chrono Boost)  
  68  7:28  Stalker x2  
  72  7:35  Probe, Observer (Chrono Boost)  
  72  7:36  Probe  
  75  7:38  Forge  
  75  7:48  Probe x2  
  77  8:14  Pylon  
  77  8:15  Pylon  
  77  8:17  Pylon  
  77  8:34  Zealot x2  
  77  8:35  Zealot x2  
  83  8:57  Zealot x4  
  83  8:58  Zealot  
  66  9:21  Stalker x4  
  56  9:33  Zealot  
  50  9:50  Stalker x2  
  50  9:51  Stalker x2  
  49  10:02  Zealot  
  50  10:07  Gateway  
  50  10:11  Gateway  
  50  10:12  Gateway  
  50  10:14  Gateway  
  50  10:15  Charge (Chrono Boost)  
  50  10:18  Zealot x4  
  56  10:43  Stalker x3  
  56  10:44  Stalker x2  
  66  11:09  Zealot x5  
  76  11:18  Pylon  
  76  11:36  Stalker x3  
  82  11:45  Zealot  
  82  11:46  Zealot  
  86  11:59  Zealot  
  82  12:18  Zealot x2  
  84  12:39  Zealot x3  
  84  13:00  Zealot x2  
Show
View Real Time Build Order
Export as new Build Order

LilDicky Terran 

Build Orders:  

Get SALT Encoding   

  12  0:05  SCV  
  13  0:17  SCV  
  13  0:20  Supply Depot  
  14  0:29  SCV  
  15  0:37  Refinery  
  15  0:45  SCV  
  15  0:48  Barracks  
  16  0:57  SCV  
  17  1:10  SCV  
  18  1:22  SCV  
  18  1:25  Supply Depot  
  19  1:34  SCV  
  19  1:36  Marine  
  21  1:46  Orbital Command  
  21  1:52  Factory  
  21  2:01  Barracks Reactor  
  21  2:07  Refinery  
  21  2:12  SCV  
  22  2:24  SCV  
  22  2:27  Supply Depot  
  23  2:38  Widow Mine, Marine x2  
  23  2:40  Starport  
  23  2:41  SCV  
  28  2:53  SCV  
  29  2:58  Supply Depot, Marine  
  29  2:59  Marine  
  31  3:05  SCV  
  31  3:10  Widow Mine  
  34  3:16  Marine x2  
  34  3:18  SCV  
  34  3:19  Medivac  
  39  3:30  SCV  
  40  3:34  Marine x2  
  40  3:38  Widow Mine  
  40  3:40  Supply Depot  
  44  3:42  SCV  
  45  3:49  Medivac  
  47  4:02  Marine x2  
  49  4:05  SCV  
  49  4:07  Widow Mine  
  52  4:12  Supply Depot  
  52  4:19  Marine x2  
  49  4:39  Liberator  
  49  4:41  Marine  
  50  4:53  Marine  
  50  4:57  Widow Mine  
  50  4:59  Command Center, Marine  
  50  5:39  Marine x2  
  50  5:44  Barracks x2  
  50  5:45  Barracks, Starport Tech Lab  
  50  5:47  Factory Tech Lab  
  50  5:48  Medivac  
  50  5:49  SCV  
  53  5:57  Marine x2  
  51  6:01  SCV  
  54  6:07  Supply Depot  
  54  6:14  Marine x2  
  54  6:18  Liberator  
  52  6:20  Orbital Command  
  52  6:35  Barracks x2  
  52  6:36  Siege Tank  
  58  6:43  Marine  
  58  6:44  Orbital Command, Marine x2  
  63  6:47  Barracks Tech Lab  
  63  6:49  Barracks Tech Lab  
  61  6:55  SCV  
  62  7:01  Marine x2  
  62  7:02  Marine  
  60  7:16  Marine x2  
  60  7:19  SCV x2, Marine x2  
  60  7:20  Marine  
  67  7:30  Combat Shields, Stimpack  
  67  7:34  Marine x2  
  67  7:35  SCV x2  
  71  7:37  Marine x3  
  74  7:47  SCV  
  74  7:50  Liberator  
  75  7:51  Marine  
  76  8:05  Siege Tank  
  75  8:08  Marine x4  
  75  8:10  Marine  
  83  8:13  SCV x2  
  83  8:16  Barracks  
  83  8:17  Barracks  
  83  8:26  Marine x2  
  82  8:39  Marine x2  
  82  8:40  Marine  
  85  8:43  Marine  
  84  8:56  Siege Tank  
  84  8:58  Marine x2  
  84  8:59  Marine  
  67  9:25  Marine x5  
  67  9:28  Medivac  
  63  9:59  Marine  
  56  10:00  Marine  
  56  10:02  Siege Tank  
  56  10:04  Marine x3  
  64  10:10  SCV  
  64  10:11  SCV  
  64  10:13  Barracks  
  66  10:14  Barracks  
  66  10:15  Barracks  
  66  10:17  Marine x2  
  66  10:19  Command Center  
  66  10:20  Refinery  
  68  10:22  Refinery, Marine x3  
  71  10:35  Marine x2  
  65  10:40  Marine x2  
  65  10:41  Marauder  
  58  10:53  Marine x2  
  59  10:57  Siege Tank, Marine  
  59  10:58  Medivac, Marine  
  59  11:01  Marine  
  59  11:02  Starport  
  67  11:11  Marine x2  
  68  11:15  Marine  
  68  11:16  Marine  
  71  11:19  Marine  
  72  11:29  Marine  
  72  11:31  Marine  
  74  11:33  Marine x2  
  74  11:37  Refinery, Orbital Command  
  76  11:40  Marine  
  76  11:41  Refinery  
  76  11:42  Barracks Tech Lab x2  
  76  11:43  Barracks Tech Lab  
  76  11:46  Marine  
  78  11:49  Marine  
  78  11:50  Barracks Tech Lab  
  78  11:51  Marine, Medivac  
  78  11:52  Marauder  
  84  11:54  Orbital Command  
  84  11:55  Medivac  
  84  11:58  SCV, Marauder  
  89  12:10  SCV  
  89  12:13  Marauder  
  73  12:26  Marine x3  
  73  12:27  Marine  
  70  12:31  Marine x3  
  70  12:34  Medivac, Marine  
  70  12:35  Medivac  
  78  12:44  Marine x3  
  77  12:45  Marauder  
  77  12:47  SCV  
  77  12:48  SCV x2  
  89  12:51  Barracks Tech Lab x3  
Tags
 
Add a new tag
Caveats
  • Supply blocks, unpowered buildings, or Contaminate may cause inaccurate times.
  • Supply counts are checked every 10 seconds.